 Dungeon Crawl Stone Soup version 0.31-a0-150-g89dc3ad700 (webtiles) character file.

Game seed: 15118646637070904997

401 qw the Shooter (level 6, -5/57 HPs)
             Began as a Minotaur Hunter on June 8, 2023.
             Slain by Sigmund
             ... wielding a +0 scythe
              (11 damage)
             ... on level 4 of the Dungeon.
             The game lasted 00:01:02 (2206 turns).

qw the Shooter (Minotaur Hunter)                    Turns: 2206, Time: 00:01:02

Health: -5/57      AC:  5    Str: 15    XL:     6   Next: 54%
Magic:  5/5        EV: 11    Int:  6    God:
Gold:   157        SH:  0    Dex: 16    Spells: 5/5 levels left

rFire   . . .        Y - +1 shortbow
rCold   . . .        (shield currently unavailable)
rNeg    . . .        h - +0 ring mail
rPois   .            (helmet restricted)
rElec   .            (no cloak)
rCorr   .            (no gloves)
SInv    .            (no boots)
Will    .....        f - amulet of regeneration Stlth
                     (no ring)
HPRegen 1.09/turn    (no ring)
MPRegen 0.09/turn

%: no passive effects
@: confused
A: horns 2, retaliatory headbutt
a: no special abilities


You were on level 4 of the Dungeon.
You visited 1 branch of the dungeon, and saw 4 of its levels.

You collected 157 gold pieces.


Innate Abilities, Weirdness & Mutations

You have a pair of horns on your head.
You reflexively headbutt those who attack you in melee.


   Skills:
 - Level 6.1 Fighting
 + Level 6.8 Ranged Weapons
 - Level 1.0 Armour
 - Level 2.1 Dodging
 - Level 0.7 Stealth


You had 5 spell levels left.
You didn't know any spells.
Your spell library was empty.

Inventory:

Hand Weapons
 Y - a +1 shortbow (weapon)
Armour
 h - a +0 ring mail (worn)
Jewellery
 f - an amulet of regeneration (around neck)
Scrolls
 e - a scroll of teleportation
 i - a scroll of identify
Potions
 a - a potion of cancellation {unknown}
 d - a potion of brilliance {unknown}
 g - a potion of ambrosia {unknown}
 l - a potion of magic {unknown}

Dungeon Overview and Level Annotations

Branches:
Dungeon (4/15)
 Temple: D:4-7

Altars:
Xom
Yredelemnul

Shops:
D:1 [

Annotations:
D:4 Sigmund


Message History

You shoot an arrow. You shoot an arrow. Something hits you.
You shoot an arrow.
You hear some strange, mumbled words.
You are confused.
You shoot an arrow. Something hits you!
You shoot an arrow. Something hits you!
You shoot an arrow. Something hits you.
You shoot an arrow. You shoot an arrow.
You feel less confused. Something hits you.
You shoot an arrow. Something hits you.
You shoot an arrow. Something barely misses you.
You shoot an arrow. Something hits you.
You shoot an arrow. You shoot an arrow. Something hits you.
You shoot an arrow.
You hear some strange, mumbled words.
A puff of flame appears from out of thin air!
The puff of flame hits you.
You shoot an arrow.
You hear some strange, mumbled words.
Something tries to affect you, but you resist.
You shoot an arrow. Something hits you but does no damage.
You shoot an arrow.
You hear some strange, mumbled words.
You are confused.
You shoot an arrow. Something hits you!
You die...

..# .. ...###..
##...#..# #
.......### ##.
#........##.
.#...###...........
.....[%#...:.......
...?..)@....)......
.....{.............
...................
...........<..#...
.....#.##.....#
.....###.).......
#... #...#........
#... .....#......(.
....#........#.


There were no monsters in sight!

Vanquished Creatures
  Grinder (D:3)
  An orc priest (D:3)
  Ijyb (D:3)
  An orc wizard (D:3)
  6 adders
  An adder zombie (D:3)
  An orc (D:3)
  6 endoplasms
  A giant cockroach (D:3)
  10 goblins
  9 hobgoblins
  4 jackals
  6 ball pythons
  A ball python zombie (D:3)
  7 bats
  4 frilled lizards (D:1)
  4 kobolds
  7 rats
71 creatures vanquished.

Notes
Turn   | Place    | Note
-------+----------+-------------------------------------------
     0 | D:1      | qw the Minotaur Hunter began the quest for the Orb.
     0 | D:1      | Reached XP level 1. HP: 18/18 MP: 0/0
     0 | D:1      | 0 ||| qw: Version: 0.2-a-119-g0488c42
     0 | D:1      | 0 ||| qw: Game counter: 2724
     0 | D:1      | 0 ||| qw: Always use a shield: true
     0 | D:1      | 0 ||| qw: God list: Okawaru
     0 | D:1      | 0 ||| qw: Allow faded altars: false
     0 | D:1      | 0 ||| qw: Do Orc after D:15 true
     0 | D:1      | 0 ||| qw: Do second Lair branch before Depths: true
     0 | D:1      | 0 ||| qw: Lair rune preference: random
     0 | D:1      | 0 ||| qw: Plans: Normal
     0 | D:1      | 0 ||| PLANNING D:1-11
    87 | D:1      | Reached XP level 2. HP: 25/25 MP: 1/1
   291 | D:1      | Found Kiebed's Armour Boutique.
   300 | D:1      | 300 ||| SHOPLISTING +1 hat (132 gold, have 23).
   323 | D:1      | You fall into a shaft and drop 1 floor!
   375 | D:2      | 375 ||| UPGRADING to +0 ring mail.
   386 | D:2      | 386 ||| DROPPING +0 leather armour.
   387 | D:2      | 387 ||| UPGRADING to amulet of regeneration.
   392 | D:2      | 392 ||| READING scroll labelled TUCYKOM ABISS.
   393 | D:2      | 393 ||| DROPPING scroll of butterflies.
   626 | D:1      | Reached skill level 1 in Armour
   679 | D:1      | Reached skill level 3 in Fighting
   787 | D:1      | 787 ||| READING scroll labelled CUCORA SOWI.
   819 | D:2      | Reached XP level 3. HP: 31/31 MP: 2/2
   867 | D:2      | 867 ||| READING scroll labelled SUSMEM SADDI.
   870 | D:2      | 870 ||| FLEEEEING.
   871 | D:2      | 871 ||| FLEEEEING.
   872 | D:2      | 872 ||| FLEEEEING.
   875 | D:2      | 875 ||| FLEEEEING.
  1075 | D:2      | Reached XP level 4. HP: 37/38 MP: 3/3
  1371 | D:2      | 1371 ||| READING scroll labelled IREYPNEVON.
  1372 | D:2      | 1372 ||| READING scroll labelled TEJIUC CU CAOWN.
  1377 | D:2      | 1377 ||| DRINKING 2 smoky golden potions.
  1378 | D:2      | 1378 ||| DROPPING potion of invisibility.
  1425 | D:3      | Reached skill level 6 in Ranged Weapons
  1450 | D:3      | Noticed Grinder
  1462 | D:3      | Killed Grinder
  1463 | D:3      | Reached skill level 6 in Fighting
  1463 | D:3      | Reached XP level 5. HP: 34/50 MP: 4/4
  1463 | D:3      | Reached XP level 6. HP: 39/57 MP: 5/5
  1600 | D:3      | Found a basalt altar of Yredelemnul.
  1880 | D:3      | Noticed Ijyb
  1904 | D:3      | Killed Ijyb
  1957 | D:3      | Found a shimmering altar of Xom.
  2066 | D:3      | 2066 ||| READING scroll labelled TERIERCHASI.
  2067 | D:3      | 2067 ||| READING scroll labelled URCHA KIJUKHOCO.
  2068 | D:3      | 2068 ||| READING scroll labelled HEASAEDGHITS.
  2069 | D:3      | 2069 ||| DRINKING 2 clear potions.
  2100 | D:3      | 2100 ||| DROPPING potion of lignification.
  2118 | D:4      | 2118 ||| STAIRDANCE
  2120 | D:4      | 2120 ||| STAIRDANCE
  2131 | D:4      | 2131 ||| STAIRDANCE
  2153 | D:4      | 2153 ||| STAIRDANCE
  2171 | D:4      | Noticed Sigmund
  2193 | D:4      | HP: 14/57 [something (11)]
  2199 | D:4      | HP: 4/57 [something (6)]
  2202 | D:4      | HP: 1/57 [something/puff of flame (5)]
  2206 | D:4      | Slain by Sigmund

Levels and vault maps discovered:
D:1:      mrwooster_arrival_statue_3, layout_basic, serial_shops, shop,
          corner_web_ring, minmay_misc_feat_enclosed
D:2:      layout_loops_ring, minmay_pentomino_r4
D:3:      layout_basic, lemuel_doored_altar, lemuel_zombie_altar_yredelemnul,
          uniq_ijyb, uniq_grinder
D:4:      layout_cave_pools, uniq_sigmund

Skill      XL: |  1  2  3  4 |
---------------+-------------+-----
Ranged Weapons | 5 6 |  6.8
Armour         | 1 |  1.0
Fighting       | 3 6 |  6.1
Dodging        | |  2.1
Stealth        | |  0.7

Action                     |  1- 3 |  4- 6 || total
---------------------------+-------+-------++-------
   Fire: Shortbow          |   115 |   117 ||   232
    Use: Scroll            |     3 |     5 ||     8
         Potion            |       |     2 ||     2
 Armour: Leather armour    |     1 |       ||     1
         Ring mail         |    16 |    24 ||    40
  Dodge: Dodged            |    27 |    38 ||    65

Table legend:
 A = Non-vault XP
 B = Vault XP
 C = Vault XP percentage of total XP
 D = Non-vault monster count
 E = Vault monster count
 F = Vault count percentage of total count
                 A         B        C        D         E       F
            +---------+---------+-------+---------+---------+-------
      Total |     237 |     337 |  58.7 |      64 |       7 |   9.9
            +---------+---------+-------+---------+---------+-------
        D:1 |      36 |       0 |   0.0 |      24 |       0 |   0.0
        D:2 |      57 |      17 |  23.0 |      18 |       3 |  14.3
        D:3 |     122 |     320 |  72.4 |      16 |       4 |  20.0
        D:4 |      22 |       0 |   0.0 |       6 |       0 |   0.0
            +---------+---------+-------+---------+---------+-------
